 Dungeon Crawl Stone Soup version 0.24.0-123-gd5b16e6ec5 (webtiles) character file.

Game seed: 15197634581523891495, levelgen mode: deterministic

107 hazymike the Gusty (level 5, 0/29 HPs)
             Began as a Kobold Air Elementalist on Feb 7, 2020.
             Succumbed to kobold's curare-tipped dart
             ... on level 3 of the Dungeon.
             The game lasted 00:22:55 (2917 turns).

hazymike the Gusty (Kobold Air Elementalist)        Turns: 2917, Time: 00:22:55

Health: 0/29       AC:  3    Str:  7    XL:     5   Next: 10%
Magic:  8/8        EV: 15    Int: 16    God:
Gold:   115        SH:  0    Dex: 15    Spells: 6/9 levels left

rFire    . . .     SeeInvis .   (weapon restricted)
rCold    . . .     Gourm    .   (shield restricted)
rNeg     . . .     Faith    .   r - +0 leather armour
rPois    .         Spirit   .   (no helmet)
rElec    .         Reflect  .   (no cloak)
rCorr    .         Harm     .   (no gloves)
MR       .....                  (no boots)
Stlth    ++........             (no amulet)
HPRegen  0.09/turn              (no ring)
MPRegen  0.11/turn              (no ring)

@: lethally poisoned (0 -> -22)
A: small, carnivore
a: no special abilities


You were on level 3 of the Dungeon.
You were completely stuffed.

You visited 1 branch of the dungeon, and saw 3 of its levels.

You collected 115 gold pieces.

Inventory:

Hand Weapons
 i - a +0 dagger
 p - a +0 hunting sling
Missiles
 b - 54 stones (quivered)
 f - 3 curare-tipped darts
Armour
 q - a +0 ring mail
 r - a +0 leather armour (worn)
Scrolls
 d - a scroll of fear {unknown}
 g - 5 scrolls of identify {unknown}
 j - a scroll of immolation {unknown}
 n - 2 scrolls of teleportation {unknown}
 o - 3 scrolls of random uselessness {unknown}
Potions
 e - a potion of might {unknown}
 h - a potion of resistance {unknown}
 k - a potion of invisibility {unknown}
 l - 3 potions of cancellation
 m - a potion of agility {unknown}
 s - a potion of mutation {unknown}
Comestibles
 a - 2 chunks of flesh
 c - 5 rations


   Skills:
 + Level 1.5 Fighting
 + Level 3.1 Dodging
 - Level 3.0 Stealth
 + Level 2.6 Spellcasting
 + Level 1.7 Conjurations
 + Level 1.0 Charms
 * Level 3.8 Air Magic


You had 6 spell levels left.
You knew the following spells:

 Your Spells              Type           Power        Failure   Level  Hunger
a - Shock                 Conj/Air       ##..         10%         1    #......
b - Swiftness             Chrm/Air       #.......     17%         2    ##.....

Your spell library contained the following spells:

 Spells                   Type           Power        Failure   Level  Hunger
 Static Discharge         Conj/Air       ##......     28%         3    ###....
 Airstrike                Air            ##........   52%         4    #####..
 Lightning Bolt           Conj/Air       ##........   95%         5    ######.
 Poison Arrow             Conj/Pois      #.........   100%        6    #######
 Chain Lightning          Conj/Air       ##........   100%        8    #######
 Lehudib's Crystal Spear  Conj/Erth      #.........   100%        8    #######
 Fire Storm               Conj/Fire      #.........   100%        9    #######
 Glaciate                 Conj/Ice       #.........   100%        9    #######


Dungeon Overview and Level Annotations

Branches:
Dungeon (3/15)

Altars:
Nemelex Xobeh


Innate Abilities, Weirdness & Mutations

You are small and have problems with some larger weapons.
You are carnivorous and can eat meat at any time.


Message History

You feel sick.
You feel very sick.
Found a scroll labeled QELAPNUR FOFENUDDU.
You feel sick.
* * * LOW HITPOINT WARNING * * *
You feel sick.
Some of the chunks of flesh in your inventory have rotted away.
* * * LOW HITPOINT WARNING * * *
You feel sick.
The kobold throws a curare-tipped dart.
The curare-tipped dart hits you.
You are more poisoned.
You have difficulty breathing.
* * * LOW HITPOINT WARNING * * *
You feel as though you will be slow longer.
You see here a curare-tipped dart.
It was a potion of cancellation.
Your magical effects are unravelling.
You feel magically purged.
You feel yourself speed up.
You die...

#.# #.#
#######.############.
.....................
#########.####.........
#......................
.#.......#............
######.####............
#.......@....(...†.....
#.####.###.####K%.(....
#......#.# #.........
#<.....#.# #.......#.
#......#.# #.......#
########.# #.......#
#.# #......K# ?..
...>#....( ....#.####


You could see a kobold.

Vanquished Creatures
  A worker ant (D:2)
  2 adders (D:2)
  An ooze (D:2)
  3 worms (D:2)
  A dart slug (D:1)
  3 leopard geckos
  8 bats
  2 giant cockroaches (D:1)
  6 goblins
  5 hobgoblins
  4 kobolds
  A quokka (D:2)
  8 frilled lizards
  4 rats
49 creatures vanquished.

Notes
Turn   | Place    | Note
-------+----------+-------------------------------------------
     0 | D:1      | hazymike the Kobold Air Elementalist began the quest for
                  | the Orb.
     0 | D:1      | Reached XP level 1. HP: 10/10 MP: 3/3
   142 | D:1      | Reached XP level 2. HP: 16/16 MP: 0/5
   146 | D:1      | Learned a level 2 spell: Swiftness
   709 | D:1      | Reached XP level 3. HP: 20/20 MP: 3/6
   838 | D:1      | Found a sparkling altar of Nemelex Xobeh.
  1141 | D:2      | Reached skill level 1 in Fighting
  1654 | D:2      | Reached XP level 4. HP: 23/25 MP: 4/7
  2555 | D:2      | Reached skill level 1 in Charms
  2555 | D:2      | Reached XP level 5. HP: 29/29 MP: 5/8
  2917 | D:3      | Succumbed to kobold's curare-tipped dart

Levels and vault maps discovered:
D:1:      lightli_arrival_maybe_door_vault, layout_rooms, nemelex_altar_shiori
D:2:      layout_basic
D:3:      layout_basic

Skill      XL: |  1  2  3  4 |
---------------+-------------+-----
Stealth        | 3 |  3.0
Fighting       | 1 |  1.5
Dodging        | 3 |  3.1
Charms         | 1 |  1.0
Spellcasting   | |  2.6
Conjurations   | |  1.7
Air Magic      | |  3.8

Action                   |  1- 3 |  4- 6 || total
-------------------------+-------+-------++-------
Throw: Stone             |    36 |    19 ||    55
 Cast: Shock             |    46 |    39 ||    85
  Use: Potion            |       |     1 ||     1
  Eat: Chunk             |    11 |     4 ||    15
Armor: Robe              |    12 |     2 ||    14
       Leather armour    |       |     1 ||     1
Dodge: Dodged            |    42 |    11 ||    53
